 Dungeon Crawl Stone Soup version 0.24-a0-264-gf46a388 (webtiles) character file.

Game seed: 11765399956137814718

4 FlareUmbra the Chiller (level 1, 0/13 HPs)
             Began as a Merfolk Ice Elementalist on Apr 20, 2019.
             Slain by a worm (11 damage)
             ... on level 2 of the Dungeon.
             The game lasted 00:01:52 (138 turns).

FlareUmbra the Chiller (Merfolk Ice Elementalist)    Turns: 138, Time: 00:01:52

Health: 0/13       AC:  2    Str:  8    XL:     1   Next: 60%
Magic:  0/3        EV: 13    Int: 14    God:
Gold:   9          SH:  0    Dex: 14    Spells: 3/4 levels left

rFire    . . .     SeeInvis .   (no weapon)
rCold    . . .     Gourm    .   (no shield)
rNeg     . . .     Faith    .   a - +0 robe
rPois    .         Spirit   .   (no helmet)
rElec    .         Reflect  .   (no cloak)
rCorr    .         Harm     .   (no gloves)
MR       .....                  (no boots)
Stlth    ++........             (no amulet)
HPRegen  0.04/turn              (no ring)
MPRegen  0.08/turn              (no ring)

@: no status effects
A: change form in water, swift swim, stealthy swim
a: no special abilities


You were on level 2 of the Dungeon.
You were not hungry.

You visited 1 branch of the dungeon, and saw 2 of its levels.

You collected 9 gold pieces.

Inventory:

Armour
 a - a +0 robe (worn)
Scrolls
 d - a scroll of remove curse {unknown}
 e - a scroll of random uselessness {unknown}
 f - a scroll of teleportation {unknown}
Potions
 b - a potion of invisibility {unknown}
Comestibles
 c - a ration


   Skills:
 + Level 2.7 Dodging
 + Level 2.2 Stealth
 + Level 2.0 Spellcasting
   Level 0.7 Conjurations
 + Level 3.5 Ice Magic


You had 3 spell levels left.
You knew the following spells:

 Your Spells              Type           Power        Failure   Level  Hunger
a - Freeze                Ice            ##..         5%          1    ##.....

Your spell library contained the following spells:

 Spells                   Type           Power        Failure   Level  Hunger
 Throw Frost              Conj/Ice       #.....       16%         2    ###....
 Ozocubu's Armour         Chrm/Ice       #.......     34%         3    ####...
 Throw Icicle             Conj/Ice       #.......     69%         4    #####..
 Summon Ice Beast         Ice/Summ       #.......     75%         4    #####..


Dungeon Overview and Level Annotations

Branches:
Dungeon (1/15)

Altars:


Message History

You hit the quokka.
You kill the quokka!
f - a scroll labeled GUNWURUCK
Casting: Freeze (safe; 5% risk of failure)
Confirm with . or Enter, or press ? or * to list all spells.
Aiming: Freeze (safe; 5% risk of failure)
Press: ? - help, Shift-Dir - straight line, f - worm
Aim: a worm You freeze the worm.
The worm is lightly wounded.
Casting: Freeze (safe; 5% risk of failure)
Confirm with . or Enter, or press ? or * to list all spells.
Aiming: Freeze (safe; 5% risk of failure)
Press: ? - help, Shift-Dir - straight line, f/p - worm
Aim: a worm (lightly wounded)
You freeze the worm.
The worm is moderately wounded.
The worm bites you!
Ouch! That really hurt!
You die...

#......####........
#........##........
#........##....... .
#............##.##.#
#...................
....................
#.............#.##.#
#........###..#.##.#
#######....w@.#.##.#
####.#.##.##.#######
#.......[........
##+###..##.##.####......
...............####......
..........#..............
..........#..######......
..........#..# #......
###+###..##..# ###......


You could see a worm.

Vanquished Creatures
  A goblin (D:2)
  A hobgoblin (D:2)
  A quokka (D:2)
3 creatures vanquished.

Notes
Turn   | Place    | Note
-------+----------+-------------------------------------------
     0 | D:1      | FlareUmbra the Merfolk Ice Elementalist began the quest for
                  | the Orb.
     0 | D:1      | Reached XP level 1. HP: 13/13 MP: 3/3
    50 | D:1      | You fall through a shaft!
   138 | D:2      | Slain by a worm

Levels and vault maps discovered:
D:1:      eino_arrival_cavern_a, layout_loops_corners
D:2:      layout_basic, lemuel_crystal_altar, lemuel_doored_altar

Action                   || total
-------------------------++-------
Melee: Unarmed           ||     1
 Cast: Freeze            ||     8
Dodge: Dodged            ||     2

Table legend:
 A = Non-vault XP
 B = Vault XP
 C = Vault XP percentage of total XP
 D = Non-vault monster count
 E = Vault monster count
 F = Vault count percentage of total count
                 A         B        C        D         E       F
            +---------+---------+-------+---------+---------+-------
      Total |       6 |       0 |   0.0 |       3 |       0 |   0.0
            +---------+---------+-------+---------+---------+-------
        D:2 |       6 |       0 |   0.0 |       3 |       0 |   0.0
            +---------+---------+-------+---------+---------+-------
